 Dungeon Crawl Stone Soup version 0.30.1 (webtiles) character file.

Game seed: 13450023225699693483

42733 Pepete the Tortoise (level 14, -5/80 HPs)
             Began as a Djinni Fire Elementalist on July 10, 2023.
             Was a High Priest of Makhleb.
             Slain by a komodo dragon (24 damage)
             ... on level 5 of the Lair of Beasts.
             The game lasted 01:03:07 (29430 turns).

Pepete the Tortoise (Djinni Fire Elementalist)     Turns: 29430, Time: 01:03:08

Health: -5/80      AC: 14    Str: 10    XL:     14   Next: 56%
Gold:   596        EV:  9    Int: 21    God:    Makhleb [*****.] SH:  6 Dex: 17

rFire   + + +        R - staff of fire
rCold   . . .        S - +0 buckler
rNeg    + . .        q - +0 scale mail
rPois   ∞            (no helmet)
rElec   .            I - +0 cloak "Voaxo" {Dex+2}
rCorr   .            z - +1 pair of gloves
SInv    .            (boots unavailable)
Will    +....        (no amulet) Stlth
                     M - ring "Opyguy" {rC+ rN+ Str+3 Stlth-}
HPRegen 0.33/turn    b - ring of wizardry
MPRegen 0.00/turn

%: wizardry (x1), infuse magic (-6 HP)
@: animating dead, flying
A: sickness immunity, fire resistance 2, cold vulnerability 1, float, innate
caster, HP casting, extra vitality 1
a: Renounce Religion, Minor Destruction, Lesser Servant of Makhleb, Major
Destruction, Greater Servant of Makhleb


You were on level 5 of the Lair of Beasts.
You worshipped Makhleb.
Makhleb was extremely pleased with you.
You visited 3 branches of the dungeon, and saw 16 of its levels.
You also visited: Ossuary.

You collected 1121 gold pieces.
You spent 525 gold pieces at shops.

Inventory:

Hand Weapons
 y - the +1 scimitar of Kaoly {freeze, rElec rN+ Will+ Dex-5}
   (You bought it in a shop on level 9 of the Dungeon)

   Dex:       It affects your dexterity (-5).
   rElec:     It insulates you from electricity.
   rN:        It protects you from negative energy.
   Will:      It increases your willpower.
Missiles
 a - 2 throwing nets
Armour
 g - a +0 cloak
 n - a +0 chain mail
 q - a +0 scale mail (worn)
 z - a +1 pair of gloves (worn)
 I - the +0 cloak "Voaxo" (worn) {Dex+2}
   (You found it on level 6 of the Dungeon)

   Dex:       It affects your dexterity (+2).
 S - a +0 buckler (worn)
Magical Staves
 m - a staff of air
 R - a staff of fire (weapon)
Jewellery
 b - a ring of wizardry (right hand)
 e - a ring of protection from cold
 w - a ring of ice
 M - the ring "Opyguy" (left hand) {rC+ rN+ Str+3 Stlth-}
   (You found it on level 7 of the Dungeon)

   [ring of positive energy]

   Str:       It affects your strength (+3).
   rC:        It protects you from cold.
   rN:        It protects you from negative energy.
   Stlth:     It makes you less stealthy.
 U - a ring of ice
Wands
 f - a wand of quicksilver (7)
 l - a wand of mindburst (10)
 A - a wand of roots (15)
 B - a wand of digging (12)
 C - a wand of polymorph (6)
 D - a wand of charming (13)
 P - a wand of flame (51)
Scrolls
 c - a scroll of butterflies {unknown}
 d - 2 scrolls of teleportation
 i - a scroll of poison
 k - 3 scrolls of enchant weapon
 o - 3 scrolls of vulnerability
 r - 2 scrolls of silence
 t - 5 scrolls of identify
 v - 3 scrolls of enchant armour
 x - 3 scrolls of fear {unknown}
 G - a scroll of acquirement {unknown}
 J - 3 scrolls of magic mapping
 K - 3 scrolls of brand weapon
 L - a scroll of fog
 Q - a scroll of blinking {unknown}
Potions
 h - 4 potions of curing
 j - 2 potions of magic
 p - 4 potions of brilliance
 s - a potion of resistance {unknown}
 u - 4 potions of might
 E - 4 potions of lignification
 F - a potion of berserk rage
 H - 9 potions of ambrosia
 N - a potion of attraction
 O - 2 potions of mutation {unknown}
 T - a potion of heal wounds


   Skills:
 * Level 16.4 Armour
 - Level 2.1 Dodging
 - Level 1.5 Stealth
 * Level 6.2 Shields
 * Level 13.2 Spellcasting


You knew the following spells:

 Your Spells              Type           Power      Damage    Failure   Level
a - Foxfire               Conj/Fire      100%       2x1d9     1%          1
b - Scorch                Fire           100%       2d9       1%          2
c - Volatile Blastmotes   Fire/Tloc      100%       2d18      1%          3
d - Inner Flame           Hex/Fire       81%        N/A       1%          3
e - Flame Wave            Conj/Fire      81%        2d18      1%          4
f - Freeze                Ice            100%       1d10      1%          1
g - Poisonous Vapours     Pois/Air       100%       N/A       1%          2
h - Summon Guardian Gole  Hex/Summ       62%        N/A       1%          3
i - Summon Lightning Spi  Summ/Air       62%        N/A       1%          4
j - Animate Dead          Necr           62%        N/A       1%          4
k - Silence               Hex/Air        31%        N/A       1%          5
Your spell library was empty.

Dungeon Overview and Level Annotations

Branches:
Dungeon (10/15)            Temple (1/1) D:4            Lair (5/5) D:10
  Swamp (0/4) Lair:3        Snake (0/4) Lair:2      Ossuary (visited)
  Slime: Lair:4-5       Orc: D:9-12

Altars:
Ashenzari
Cheibriados
Fedhas
Gozag
Makhleb
Okawaru
Qazlal
Ru
Uskayaw
Wu Jian
Xom
Yredelemnul
Zin

Shops:
D:3 (   D:4 (   D:9 (?   D:10 !


Innate Abilities, Weirdness & Mutations

You are immune to sickness and miasma.
You are immune to poison.
Your flesh is very heat resistant. (rF++)
You are vulnerable to cold. (rC-)
You float through the air rather than walking.
You learn spells naturally, not from books.
Your magical power is your life essence.
You have superior vitality. (+4 MHP)


Message History

Casting: Scorch (safe; 1% risk of failure)
Confirm with . or Enter, or press ? or * to list all spells.
You feel a surge of power!
Flames lash the water moccasin.
The water moccasin is moderately wounded.
The water moccasin's fire resistance burns away.
Your jelly zombie hits the yak but does no damage.
The cane toad stings you.
The water moccasin bites your lightning spire but does no damage.
Your yak zombie is engulfed in blazing flames.
Your yak zombie is destroyed!
Your jelly zombie closely misses the yak.
The yak gores your jelly zombie. The yak gores your jelly zombie!
Unknown command.
Casting: Scorch (safe; 1% risk of failure)
Confirm with . or Enter, or press ? or * to list all spells.
You feel a surge of power!
Flames lash the cane toad.
The cane toad is moderately wounded.
The cane toad's fire resistance burns away.
The cane toad stings you!
The water moccasin bites your lightning spire but does no damage.
Your yak zombie closely misses the water moccasin.
The komodo dragon bites you.
Your jelly zombie hits the yak.
The yak gores your jelly zombie!
Your lightning spire shoots out a bolt of lightning at the water moccasin!
The bolt of electricity hits the water moccasin!
The yak gores your jelly zombie!
Your jelly zombie is destroyed!
The yak bellows!
Casting: Scorch (safe; 1% risk of failure)
Confirm with . or Enter, or press ? or * to list all spells.
You feel a surge of power!
Flames lash the cane toad.
The cane toad is burned terribly!
The cane toad is heavily wounded.
The water moccasin bites your lightning spire but does no damage.
A cane toad comes into view.
The cane toad stings you!
* * * LOW HITPOINT WARNING * * *
Your jelly zombie closely misses the yak.
The komodo dragon bites you!!
You die...

... .....#
P..##....#
.P.P#....##
.........P#
.....<...P
....ZS.# #
F.Y##..8l#..##.
..§§...@F......
.ZY...†........
...§...........
...............
...[...........
...............
...............
.###.####..##..


You could see a komodo dragon, 2 yaks, 2 cane toads, a water moccasin
(distracted, combustible, ally target), a friendly lightning spire (summoned), a
friendly yak zombie and a friendly jelly zombie.

Vanquished Creatures
  A hydra (Lair:3)
  2 two-headed ogres
  A death yak (Lair:2)
  A skyshark (Lair:2)
  A black mamba (Lair:5)
  4 elephants
  A cane toad (Lair:2)
  A torpor snail (Lair:1)
  Maggie (D:8)
  2 komodo dragons
  5 rime drakes
  A queen bee (Lair:1)
  A polar bear (Lair:4)
  3 blink frogs (Lair:3)
  Sigmund (D:3)
  2 basilisks
  10 yaks
  A naga (Lair:2)
  Edmund (D:5)
  7 water moccasins
  2 orc warriors (D:6)
  A sky beast (D:8)
  2 black bears
  2 ice beasts
  3 wolves
  A centaur (D:8)
  4 lemures (D:6)
  3 phantoms
  A kobold brigand (D:10)
  4 elf zombies (Ossuary)
  6 bullfrogs
  A gnoll sergeant (D:7)
  2 scorpions
  3 wights (D:6)
  11 killer bees
  2 electric eels (Lair:1)
  A bullfrog zombie (Lair:1)
  A human zombie (Ossuary)
  3 centaur zombies (Ossuary)
  3 hounds (D:5)
  2 jellies (Lair:5)
  2 orc priests
  Terence (D:2)
  A gnoll bouda (D:6)
  3 iguanas (D:5)
  3 orc wizards
  2 sleepcaps
  A hound zombie (Ossuary)
  3 mummies (Ossuary)
  8 gnolls
  11 adders
  A river rat (D:6)
  A shadow imp (D:6)
  2 ufetubi (D:4)
  3 adder zombies (Ossuary)
  2 dart slugs
  A worm (D:2)
  26 orcs
  7 ball pythons
  7 bats
  7 endoplasms
  2 giant cockroaches
  7 goblins
  9 hobgoblins
  6 jackals
  3 quokkas
  4 frilled lizards
  A gnoll zombie (Ossuary)
  2 goblin zombies (Ossuary)
  3 hobgoblin zombies (Ossuary)
  4 jackal zombies (Ossuary)
  6 kobolds
  4 kobold zombies (Ossuary)
  An orc zombie (Ossuary)
  4 quokka zombies (Ossuary)
  3 rats
  4 rat zombies (Ossuary)
  A butterfly (Lair:1)
261 creatures vanquished.

Vanquished Creatures (collateral kills)
  Snorg (Lair:4)
  A hydra (Lair:2)
  A two-headed ogre (D:10)
  6 death yaks
  9 elephants
  A black mamba (Lair:1)
  4 cane toads
  A gargoyle (D:10)
  2 komodo dragons
  A rime drake (Lair:1)
  2 hornets
  4 blink frogs (Lair:3)
  A spriggan (Lair:2)
  4 wyverns
  A vampire (D:9)
  24 yaks
  A basilisk (Lair:1)
  A steam dragon (Lair:4)
  2 wargs (D:10)
  5 water moccasins
  A naga (Lair:2)
  An orc warrior (D:10)
  3 wolves
  An ogre (D:7)
  A centaur (D:10)
  5 bullfrogs
  A kobold brigand (D:9)
  A wight (D:6)
  14 killer bees
  2 orc priests
  2 orc wizards (D:10)
  4 gnolls (D:7)
  A worm (D:6)
  10 orcs
  A hobgoblin (D:8)
  8 kobolds
  A butterfly (Lair:1)
  43 foxfires
172 creatures vanquished.

Vanquished Creatures (others)
  3 hydras (Lair:2)
  3 death yaks (Lair:4)
  A skyshark (Lair:2)
  Pikel (D:6)
  5 elephants
  A cane toad (Lair:2)
  A komodo dragon (Lair:2)
  A spriggan (Lair:4)
  11 yaks
  A black bear (Lair:4)
  3 elephant zombies (Lair:4)
  A bullfrog (Lair:4)
  A gnoll sergeant (D:7)
  A water moccasin zombie (Lair:5)
  A spriggan zombie (Lair:4)
  3 killer bees (Lair:1)
  18 yak zombies
  A howler monkey (D:10)
  A wolf zombie (Lair:1)
  A basilisk zombie (Lair:1)
  11 killer bee zombies (Lair:1)
  2 gnolls
  A jelly zombie (Lair:5)
  4 orc zombies (D:10)
  964 foxfires
1041 creatures vanquished.

Grand Total: 1474 creatures vanquished

Notes
Turn   | Place    | Note
-------+----------+-------------------------------------------
     0 | D:1      | Pepete the Djinni Fire Elementalist began the quest for the
                  | Orb.
     0 | D:1      | Pepete set off with the following spells memorised:
                  | Foxfire, Scorch, Volatile Blastmotes, Inner Flame, Flame
                  | Wave.
     0 | D:1      | Reached XP level 1. HP: 15/15 MP: 0/0
   442 | D:1      | Reached skill level 1 in Armour
   442 | D:1      | Reached XP level 2. HP: 18/21 MP: 0/0
   935 | D:1      | Reached XP level 3. HP: 23/25 MP: 0/0
   935 | D:1      | Learned a level 1 spell: Freeze
  1353 | D:2      | Reached skill level 2 in Armour
  1439 | D:2      | Noticed Terence
  1758 | D:2      | Reached XP level 4. HP: 22/31 MP: 0/0
  2205 | D:2      | Found a faded altar of an unknown god.
  2277 | D:2      | Killed Terence
  2746 | D:3      | Reached XP level 5. HP: 26/35 MP: 0/0
  2746 | D:3      | Learned a level 2 spell: Poisonous Vapours
  3123 | D:3      | Found Wedaic's Weapon Emporium.
  3245 | D:3      | Noticed Sigmund
  3255 | D:3      | Killed Sigmund
  3256 | D:3      | Reached skill level 4 in Armour
  3256 | D:3      | Reached XP level 6. HP: 27/40 MP: 0/0
  4413 | D:4      | Reached XP level 7. HP: 37/45 MP: 0/0
  4413 | D:4      | Learned a level 3 spell: Summon Guardian Golem
  4785 | D:4      | Reached skill level 5 in Armour
  5119 | D:4      | Found Lekus's Weapon Boutique.
  5176 | D:4      | Found a staircase to the Ecumenical Temple.
  5240 | Temple   | Entered the Ecumenical Temple
  5256 | Temple   | Became a worshipper of Makhleb the Destroyer
  5430 | D:5      | Entered Level 5 of the Dungeon
  6126 | D:5      | Reached skill level 5 in Spellcasting
  6547 | D:5      | Reached XP level 8. HP: 46/50 MP: 0/0
  6567 | D:5      | Noticed Edmund
  6576 | D:5      | Killed Edmund
  6579 | D:5      | Reached skill level 6 in Armour
  7826 | D:6      | Found a sand-covered staircase.
  7854 | Ossuary  | Entered an ossuary
  8255 | Ossuary  | Reached * piety under Makhleb
  8362 | Ossuary  | Reached skill level 7 in Armour
  8669 | Ossuary  | Reached XP level 9. HP: 14/55 MP: 0/0
  8669 | Ossuary  | Learned a level 4 spell: Summon Lightning Spire
  9418 | D:6      | Reached skill level 8 in Armour
 10217 | D:6      | Noticed Pikel
 10239 | D:6      | Killed Pikel
 10527 | D:6      | Reached skill level 9 in Armour
 10538 | D:6      | Reached XP level 10. HP: 45/60 MP: 0/0
 10883 | D:6      | Identified the +0 cloak "Voaxo" {Dex+2}
 11044 | D:7      | Reached ** piety under Makhleb
 11219 | D:7      | Identified the ring "Opyguy" {rC+ rN+ Str+3 Stlth-}
 12895 | D:7      | Reached skill level 10 in Armour
 13354 | D:8      | Noticed Maggie
 13366 | D:8      | Killed Maggie
 13873 | D:8      | Found a hide-covered altar of Uskayaw.
 15017 | D:9      | Found Qyne's Magic Scroll Boutique.
 15022 | D:9      | Bought a scroll of identify for 26 gold pieces
 15022 | D:9      | Bought a scroll of enchant armour for 97 gold pieces
 15022 | D:9      | Bought a scroll of teleportation for 39 gold pieces
 15086 | D:9      | Noticed a two-headed ogre
 15093 | D:9      | Killed a two-headed ogre
 15525 | D:9      | Reached skill level 11 in Armour
 15938 | D:9      | Reached XP level 11. HP: 60/65 MP: 0/0
 15938 | D:9      | Learned a level 4 spell: Animate Dead
 15997 | D:9      | Found Bujox's Antique Weapon Shoppe.
 16003 | D:9      | Bought a brightly glowing scimitar for 243 gold pieces
 16003 | D:9      | Identified the +1 scimitar of Kaoly {freeze, rElec rN+
                  | Will+ Dex-5} (You bought it in a shop on level 9 of the
                  | Dungeon)
 17051 | D:10     | Entered Level 10 of the Dungeon
 17052 | D:10     | Noticed a two-headed ogre
 17058 | D:10     | Killed a two-headed ogre
 17418 | D:10     | Reached skill level 12 in Armour
 17589 | D:10     | Found a staircase to the Lair.
 17592 | D:10     | Found Tadivoem's Distillery.
 17629 | D:10     | Bought a potion of curing for 30 gold pieces
 17629 | D:10     | Bought a potion of brilliance for 40 gold pieces
 17629 | D:10     | Bought a potion of heal wounds for 50 gold pieces
 17652 | D:10     | Noticed a two-headed ogre
 17662 | D:10     | Killed a two-headed ogre
 17663 | D:10     | Reached skill level 10 in Spellcasting
 18139 | D:10     | Found an iron altar of Okawaru.
 18606 | Lair:1   | Entered Level 1 of the Lair of Beasts
 18629 | Lair:1   | Reached *** piety under Makhleb
 18797 | Lair:1   | Reached XP level 12. HP: 35/70 MP: 0/0
 19104 | Lair:1   | Found the +4 skin of Zhor {*Englaciate rC+++ SInv}
 19131 | Lair:1   | Reached skill level 13 in Armour
 20770 | Lair:1   | Reached **** piety under Makhleb
 21393 | Lair:2   | Reached skill level 14 in Armour
 21655 | Lair:2   | Found a staircase to the Snake Pit.
 21676 | Lair:2   | Noticed a seven-headed hydra
 21687 | Lair:2   | Killed a seven-headed hydra
 22025 | Lair:2   | Noticed a four-headed hydra
 22030 | Lair:2   | Killed a four-headed hydra
 22228 | Lair:2   | Reached XP level 13. HP: 67/75 MP: 0/0
 22228 | Lair:2   | Learned a level 5 spell: Silence
 22301 | Lair:2   | Noticed a five-headed hydra
 22310 | Lair:2   | Killed a five-headed hydra
 22930 | Lair:2   | Noticed a four-headed hydra
 22936 | Lair:2   | Killed a four-headed hydra
 23142 | Lair:2   | Reached skill level 15 in Armour
 24739 | Lair:2   | Reached skill level 1 in Shields
 26036 | Lair:3   | Identified the +2 shortbow "Osarphask" {drain, Fragile
                  | Will+ rCorr}
 26104 | Lair:3   | Noticed a seven-headed hydra
 26109 | Lair:3   | Killed a seven-headed hydra
 26787 | Lair:3   | Found a staircase to the Swamp.
 26936 | Lair:3   | Reached XP level 14. HP: 71/80 MP: 0/0
 28005 | Lair:4   | Reached skill level 16 in Armour
 28158 | Lair:4   | Reached skill level 5 in Shields
 28452 | Lair:4   | Noticed Snorg
 28460 | Lair:4   | Killed Snorg
 29401 | Lair:5   | Entered Level 5 of the Lair of Beasts
 29427 | Lair:5   | Reached ***** piety under Makhleb
 29430 | Lair:5   | Slain by a komodo dragon

Illustrated notes

Levels and vault maps discovered:
D:1:      minmay_arrival_wavy_path, layout_loops_corners,
          dreamdust_wishing_well, corexii_corridor_pit, minmay_misc_feat_tiny
D:2:      layout_rooms, dreamdust_ecumenical_altar_grove,
          minmay_misc_feat_square, uniq_terence
D:3:      layout_basic, serial_shops, nicolae_shop_bloodbath_and_beyond,
          kennysheep_generic_room_15, uniq_sigmund
D:4:      minmay_inner_zag, layout_basic, temple_doors_e, serial_shops,
          nicolae_shop_real_fake_doors
D:5:      layout_loops_corners, mainiacjoe_overflow_brackets, nrook_uturn,
          uniq_edmund
D:6:      layout_loops_cross, enter_ossuary_1, cheibrodos_sewer_entry_sluice,
          uniq_pikel
D:7:      layout_loops_ring
D:8:      layout_gridville, marbit_many_paths, corexii_checkpoint_a, uniq_maggie
D:9:      layout_gridville, serial_shops, shop, nicolae_stop_n_shop_2,
          minivault_24, minivault_11, hangedman_corner_corridor
D:10:     layout_basic, lemuel_round_altar, erik_lair_orcish_takeover,
          serial_shops, shop
Temple:   hellmonk_temple_of_storms
Lair:1:   layout_misc_corridors, special_room [special_room_bee],
          hellmonk_guarded_unrand_zhor, serial_bayou_shore_b,
          lemuel_fruit_fields, lemuel_fruit_tree, serial_bayou_shore_a
Lair:2:   layout_roguey, minmay_snake_entry_guardpost_small,
          grunt_forest_large_clearing_hut, infiniplex_staircase_pool,
          serial_bayou_shore_b
Lair:3:   layout_cave_pods, swamp_mist, grunt_megastairs_2
Lair:4:   beast_lair_carwin_large_1, layout_hall_layers,
          grunt_forest_stairs_clearing, infiniplex_staircase_pool_2, uniq_snorg
Lair:5:   wormcave, layout_gridlike, guppyfry_lair_end_dragon,
          nicolae_slime_entry_field_trip

Skill      XL: |  1  2  3  4  5  6  7  8  9 10 11 12 13 14 |
---------------+-------------------------------------------+-----
Armour         | 1 2 4 5 7 9 11 12 14 15 16 | 16.4
Spellcasting   | 3 4 5 6 7 8 10 11 12 13 | 13.2
Shields        | 3 6 |  6.2
Dodging        | |  2.1
Stealth        | |  1.5

Action                     |  1- 3 |  4- 6 |  7- 9 | 10-12 | 13-15 || total
---------------------------+-------+-------+-------+-------+-------++-------
  Melee: Unarmed           |       |     1 |       |       |       ||     1
   Cast: Foxfire           |    87 |   113 |   188 |   159 |   104 ||   651
         Scorch            |     3 |    28 |   126 |   133 |   146 ||   436
         Volatile Blastmot |       |     1 |     3 |       |       ||     4
         Summon Guardian G |       |       |    24 |    58 |    50 ||   132
         Summon Lightning  |       |       |     5 |    65 |    47 ||   117
         Animate Dead      |       |       |       |     7 |     6 ||    13
         Flame Wave        |       |       |       |     1 |       ||     1
    Use: Scroll            |       |       |    12 |     8 |     2 ||    22
         Potion            |       |       |     2 |     9 |    11 ||    22
 Armour: Robe              |    11 |     4 |     1 |       |       ||    16
         Ring mail         |       |       |    22 |       |       ||    22
         Scale mail        |       |       |       |    41 |    44 ||    85
  Dodge: Dodged            |    31 |    14 |    22 |    49 |    32 ||   148
  Block: Buckler           |       |       |       |       |    15 ||    15
